 Dungeon Crawl Stone Soup version 0.22.0-21-g8bd1b0a76a (webtiles) character file.

408 Kniotic the Conjurer (level 6, -1/45 HPs)
             Began as a Demigod Conjurer on Aug 20, 2018.
             Killed from afar by an orc wizard (6 damage)
             ... with a magic dart
             ... on level 4 of the Dungeon.
             The game lasted 00:05:48 (4053 turns).

Kniotic the Conjurer (Demigod Conjurer)             Turns: 4053, Time: 00:05:49

Health: -1/45      AC:  2    Str: 11    XL:     6   Next: 31%
Magic:  4/15       EV: 12    Int: 23    God:
Gold:   140        SH:  0    Dex: 16    Spells: 8/13 levels left

rFire    . . .     SeeInvis .   i - +0 dagger (speed)
rCold    . . .     Gourm    .   (no shield)
rNeg     . . .     Faith    .   a - +0 robe
rPois    .         Spirit   .   (no helmet)
rElec    .         Reflect  .   (no cloak)
rCorr    .         Harm     .   (no gloves)
MR       .....                  (no boots)
Stlth    ++........             (no amulet)
HPRegen  0.15/turn              (no ring)
MPRegen  0.14/turn              (no ring)

@: very slightly contaminated, invisible
A: high mp 1
a: no special abilities


You were on level 4 of the Dungeon.
You were hungry.

You visited 1 branch of the dungeon, and saw 4 of its levels.

You collected 140 gold pieces.

Inventory:

Hand Weapons
 i - a +0 dagger of speed (weapon)
Armour
 a - a +0 robe (worn)
Scrolls
 b - 4 scrolls of identify
 e - 3 scrolls of remove curse {unknown}
 f - a scroll of immolation {unknown}
 g - a scroll of amnesia {unknown}
 h - 2 scrolls of magic mapping {unknown}
 l - a scroll of enchant armour {unknown}
Potions
 d - a potion of cancellation {unknown}
 k - a potion of mutation
Comestibles
 c - 4 rations
 m - 4 chunks of flesh


   Skills:
 - Level 1.7 Dodging
 - Level 1.7 Stealth
 + Level 4.3 Spellcasting
 + Level 5.7 Conjurations


You had 8 spell levels left.
You knew the following spells:

 Your Spells              Type           Power        Failure   Level  Hunger
a - Magic Dart            Conj           ####         1%          1    None
b - Iskenderun's Mystic   Conj           ####....     10%         4    ####...

Your spell library contained the following spells:

 Spells                   Type           Power        Failure   Level  Hunger
 Searing Ray              Conj           ####..       1%          2    None
 Animate Skeleton         Necr           N/A          10%         1    None
 Pain                     Necr           #...         10%         1    None
 Dazzling Spray           Conj/Hex       ###...       10%         3    ##.....
 Regeneration             Chrm/Necr      #.........   30%         3    ##.....
 Vampiric Draining        Necr           #.........   30%         3    ##.....
 Force Lance              Conj/Tloc      ###.....     30%         4    ####...
 Fulminant Prism          Conj/Hex       ###.......   30%         4    ####...
 Animate Dead             Necr           N/A          69%         4    ####...


Dungeon Overview and Level Annotations

Branches:
Dungeon (4/15)
 Temple: D:4-7


Innate Abilities, Weirdness & Mutations

You have an increased reservoir of magic. (+10% MP)


Message History

Casting: Iskenderun's Mystic Blast (safe; 10% risk of failure)
Confirm with . or Enter, or press ? or * to list all spells.
Aiming: Magic Dart (safe; 1% risk of failure)
Press: ? - help, Shift-Dir - straight line, f/p - orc priest
Aim: an orc priest, wielding a mace and wearing a leather armour (almost dead)
The magic dart hits the orc priest.
You kill the orc priest!
The orc wizard hits you with a dagger.
* * * LOW HITPOINT WARNING * * *
There is a stone staircase leading down here.
The orc wizard casts a spell at you. The puff of flame hits you!
* * * LOW HITPOINT WARNING * * *
You fade into invisibility!
The orc wizard casts a spell.
The orc wizard flickers and vanishes!
Deactivating autopickup; reactivate with Ctrl-A.
The orc wizard casts a spell at you. The magic dart hits you!
You die...

.#######....#
............#
#.......#
............#
#.......#
......)>....#
#.......#
............# #......
.........o..####.....
.#######...........#
.#.(...#...{....(.<#
.#.....#........@..#
.'.....'...........#
.#######........[..#
..#...###+#......###
..+...'...#......#
..#...#...#......#
..#...##..#......+
..#...##..'......#
..#...##..#......#


You could see an orc wizard.

Vanquished Creatures
  A phantom (D:4)
  3 orc priests
  An orc wizard (D:3)
  A worker ant (D:4)
  2 hound skeletons (D:4)
  3 adders
  A worm (D:2)
  5 dart slugs
  4 leopard geckos
  7 orcs
  4 giant cockroaches
  6 goblins
  11 hobgoblins
  12 jackals
  3 ball pythons
  9 bats
  8 frilled lizards
  8 kobolds
  9 rats
98 creatures vanquished.

Notes
Turn   | Place    | Note
-------+----------+-------------------------------------------
     0 | D:1      | Kniotic the Demigod Conjurer began the quest for the Orb.
     0 | D:1      | Reached XP level 1. HP: 14/14 MP: 5/5
   431 | D:1      | Reached XP level 2. HP: 20/20 MP: 2/7
   649 | D:1      | Reached skill level 4 in Conjurations
   976 | D:1      | Reached XP level 3. HP: 26/26 MP: 2/9
  1473 | D:2      | Found a shattered altar of Ashenzari.
  1680 | D:2      | Reached XP level 4. HP: 33/33 MP: 2/11
  1947 | D:2      | Found a bloodstained altar of Trog.
  2066 | D:2      | Learned a level 4 spell: Iskenderun's Mystic Blast
  2125 | D:3      | Found a white marble altar of Elyvilon.
  2136 | D:3      | Noticed an orc warrior
  2625 | D:3      | Reached XP level 5. HP: 38/38 MP: 11/13
  2713 | D:3      | Reached skill level 5 in Conjurations
  2720 | D:3      | Found a glowing silver altar of Zin.
  2720 | D:3      | Noticed an angel
  3333 | D:4      | Noticed a phantom
  3666 | D:4      | Killed a phantom
  3891 | D:4      | Reached XP level 6. HP: 35/45 MP: 7/15
  4053 | D:4      | Killed from afar by an orc wizard

Skill      XL: |  1  2  3  4  5 |
---------------+----------------+-----
Spellcasting   | 2 3 4 |  4.3
Conjurations   | 4 5 |  5.7
Dodging        | |  1.7
Stealth        | |  1.7

Action                   |  1- 3 |  4- 6 || total
-------------------------+-------+-------++-------
Melee: Unarmed           |     4 |       ||     4
       Dagger            |    11 |    22 ||    33
 Cast: Magic Dart        |   120 |   144 ||   264
       Iskenderun's Myst |       |     3 ||     3
  Use: Scroll            |       |     3 ||     3
       Potion            |       |     2 ||     2
 Stab: Sleeping          |     1 |       ||     1
  Eat: Chunk             |     3 |     7 ||    10
Armor: Robe              |     4 |     8 ||    12
Dodge: Dodged            |    16 |    24 ||    40
